 Dungeon Crawl Stone Soup version 0.31-a0-1002-g8e65716e6e (webtiles) character file.

Game seed: 12941888595107389399

1521726 Sergey the Rapturous (level 25, 189/189 HPs)
             Began as a Demonspawn Brigand on Nov 9, 2023.
             Was a Follower of Uskayaw.
             Escaped with the Orb
             ... and 3 runes!
             The game lasted 03:12:00 (80535 turns).

Sergey the Rapturous (Demonspawn Brigand)          Turns: 80535, Time: 03:12:01

Health: 189/189    AC: 17    Str: 20    XL:     25   Next: 41%
Magic:  39/39      EV: 43    Int: 12    God:    Uskayaw [*.....]
Gold:   2222       SH:  5    Dex: 35    Spells: 22/48 levels left

rFire   + + .        w - +8 great sword of the Realm of Zot {spect, rPois rF+ rCorr Dex+3}
rCold   + + +        (shield currently unavailable)
rNeg    . . .        s - +3 troll leather armour
rPois   +            (helmet unavailable)
rElec   .            b - +2 cloak {Stlth+}
rCorr   +            o - +2 pair of gloves of Syndicalism {Regen+ Str+3}
SInv    .            E - +2 pair of boots {rampage}
Will    +++..        t - amulet of Huuzxiem {Reflect Drain rPois rC+++ Will+ SH+5}
Stlth   ++++         p - ring of protection from fire
HPRegen 2.11/turn    i - ring of Charity {rPois EV+5 Dex+4, =R}
MPRegen 0.52/turn

%: reflection, guardian spirit, rampage
@: studying Long Blades
A: horns 3, thin skeletal structure 3, demonic guardian 3, magic shield, magic
regeneration, magic link, demonic willpower, clumsy 1, frail 1, strong 1
0: Orb of Zot
}: 3/15 runes: decaying, serpentine, slimy
a: Renounce Religion, Stomp


You escaped.
You worshipped Uskayaw.
Uskayaw was greatly pleased with you.
You visited 10 branches of the dungeon, and saw 51 of its levels.
You also visited: Sewer.

You collected 8383 gold pieces.
You spent 6161 gold pieces at shops.

Inventory:

Hand Weapons
 e - the +4 short sword of Gaxker {vamp, rElec Dex+3}
   (You found it on level 12 of the Dungeon)

   Dex+3:     It affects your dexterity (+3).
   rElec:     It insulates you from electricity.
 q - a +9 vampiric rapier
 w - the +8 great sword of the Realm of Zot (weapon) {spect, rPois rF+ rCorr Dex+3}
   (You took it off a centaur warrior on level 9 of the Dungeon)

   Dex+3:     It affects your dexterity (+3).
   rF+:       It protects you from fire.
   rPois:     It protects you from poison rCorr: It protects you from acid and
   corrosion.
Missiles
 d - 6 darts of dispersal
 g - a throwing net
 F - 15 javelins
 M - 12 curare-tipped darts
 X - 10 silver javelins
Armour
 b - a +2 cloak of stealth (worn)
 o - the +2 pair of gloves of Syndicalism (worn) {Regen+ Str+3}
   (You found it on level 1 of the Realm of Zot)

   Str+3:     It affects your strength (+3).
   Regen+:    It increases your rate of health regeneration.
 s - a +3 troll leather armour (worn)
 E - a +2 pair of boots of rampaging (worn)
 V - a +2 robe of fire resistance
Jewellery
 a - a +4 ring of protection
 i - the ring of Charity (right hand) {rPois EV+5 Dex+4, =R}
   (You acquired it on level 4 of the Depths)

   [ring of evasion]

   EV+5:      It affects your evasion (+5).
   Dex+4:     It affects your dexterity (+4).
   rPois:     It protects you from poison
 l - the ring "Biupoipay" {Fire rN++ Str-5 Int-4 Dex+2 SInv}
   (You found it on level 5 of the Realm of Zot)

   [ring of fire]

   Fire:      It enhances your fire magic.
   Str-5:     It affects your strength (-5).
   Int-4:     It affects your intelligence (-4).
   Dex+2:     It affects your dexterity (+2).
   rF+:       It protects you from fire.
   rC-:       It makes you vulnerable to cold.
   rN++:      It greatly protects you from negative energy.
   SInv:      It lets you see invisible.
 p - a ring of protection from fire (left hand)
 t - the amulet of Huuzxiem (around neck) {Reflect Drain rPois rC+++ Will+ SH+5}
   (You bought it in a shop on level 1 of the Depths)

   [amulet of reflection]

   Reflect:   It reflects blocked missile attacks.
   rC+++:     It renders you almost immune to cold.
   rPois:     It protects you from poison Will+: It increases your willpower.
   Drain:     It drains your maximum health when unequipped.
   SH+5:      It affects your SH (+5).
 S - the ring "Dyleq" {Will++ Str+6 Int+2}
   (You acquired it on level 2 of the Lair of Beasts)

   [ring of strength]

   Str+6:     It affects your strength (+6).
   Int+2:     It affects your intelligence (+2).
   Will++:    It greatly increases your willpower.
 Z - the ring of Xuguar {rC+ Str+6 Int+2}
   (You found it on level 5 of the Pits of Slime)

   [ring of strength]

   Str+6:     It affects your strength (+6).
   Int+2:     It affects your intelligence (+2).
   rC+:       It protects you from cold.
Wands
 c - a wand of acid (17)
 n - a wand of mindburst (38)
 v - a wand of digging (11)
 L - a wand of paralysis (16)
Scrolls
 j - 19 scrolls of teleportation {@r3}
 m - 6 scrolls of blinking {@r4}
 u - 9 scrolls of immolation
 x - 8 scrolls of vulnerability {!r}
 D - a scroll of revelation {@r5}
 I - 6 scrolls of fear
 K - 2 scrolls of torment
 O - 3 scrolls of butterflies
 P - 7 scrolls of poison
 Q - 9 scrolls of fog {@r2}
 T - a scroll of enchant armour
Potions
 f - 5 potions of mutation
 h - 21 potions of curing {@q2}
 k - 3 potions of resistance
 r - 4 potions of invisibility
 z - 9 potions of brilliance
 A - 3 potions of berserk rage
 B - 10 potions of enlightenment
 G - a potion of magic
 H - 6 potions of cancellation
 J - 3 potions of haste {@q5}
 N - 5 potions of ambrosia
 W - 4 potions of heal wounds {@q1}
 Y - a potion of might {@q3}
Miscellaneous
 C - a sack of spiders
 R - a lightning rod (4/4)


   Skills:
 + Level 20.0 Fighting
 - Level 11.6(16.5) Short Blades
 - Level 18.8(20.0) Long Blades
 - Level 6.0 Throwing
 - Level 10.0 Armour
 + Level 20.0 Dodging
 - Level 12.0 Stealth
 - Level 12.0 Spellcasting
 - Level 8.0 Conjurations
 - Level 1.0 Summonings
 - Level 12.0 Necromancy
 - Level 6.0 Translocations
 - Level 8.0 Transmutations
 - Level 6.0 Earth Magic
 + Level 20.0 Invocations
 - Level 10.0 Evocations


You had 22 spell levels left.
You knew the following spells:

 Your Spells              Type           Power      Damage    Failure   Level
a - Borgnjor's Vile Clut  Necr/Erth      14%        N/A       8%          5
b - Death Channel         Necr           18%        N/A       12%         6
c - Summon Small Mammal   Summ           36%        N/A       7%          1
e - Blink                 Tloc           42%        N/A       1%          2
i - Animate Dead          Necr           36%        N/A       1%          4
j - Apportation           Tloc           42%        N/A       1%          1
r - Irradiate             Conj/Tmut      13%        3d16      11%         5
x - Wereblood             Tmut           26%        N/A       1%          2

Your spell library contained the following spells:

 Spells                   Type           Power      Damage    Failure   Level
 Foxfire                  Conj/Fire      64%        2x1d7     1%          1
 Kiss of Death            Conj/Necr      100%       2d13      1%          1
 Magic Dart               Conj           100%       1d8       1%          1
 Necrotise                Necr           100%       1d9       1%          1
 Sandblast                Erth           42%        2d11      1%          1
 Lesser Beckoning         Tloc           42%        N/A       1%          2
 Searing Ray              Conj           52%        2d6       1%          2
 Stone Arrow              Conj/Erth      48%        3d10      1%          3
 Vampiric Draining        Necr           36%        2d8       1%          3
 Dispel Undead            Necr           36%        3d15      1%          4
 Agony                    Necr           36%        N/A       2%          5
 Cigotuvi's Dreadful Rot  Necr/Pois/Air  32%        N/A       3%          2
 Static Discharge         Conj/Air       32%        3-5/arc   3%          2
 Dazzling Flash           Conj/Hex       32%        N/A       6%          3
 Brom's Barrelling Bould  Conj/Erth      24%        2d5       6%          4
 Iskenderun's Mystic Bla  Conj/Tloc      24%        2d7       6%          4
 Anguish                  Hex/Necr       10%        N/A       9%          4
 Manifold Assault         Tloc           21%        N/A       9%          4
 Passage of Golubria      Tloc           21%        N/A       9%          4
 Slow                     Hex            28%        N/A       11%         1
 Call Imp                 Summ           18%        N/A       11%         2
 Ignite Poison            Fire/Tmut/Pois 13%        N/A       11%         3
 Mephitic Cloud           Conj/Pois/Air  13%        N/A       11%         3
 Iskenderun's Battlesphe  Conj           26%        2d8       11%         5
 Ensorcelled Hibernation  Hex/Ice        14%        N/A       16%         2
 Jinxbite                 Hex            14%        N/A       16%         2
 Scorch                   Fire           14%        2d5       16%         2
 Flame Wave               Conj/Fire      16%        2d7       21%         4
 Fulminant Prism          Conj/Hex       8%         3d6       21%         4
 Call Canine Familiar     Summ           9%         N/A       22%         3
 Summon Guardian Golem    Hex/Summ       8%         N/A       26%         3
 Animate Armour           Summ/Erth      30%        N/A       26%         4
 Lee's Rapid Deconstruct  Erth           10%        3d8*      26%         5
 Dimensional Bullseye     Hex/Tloc       7%         N/A       30%         4
 Leda's Liquefaction      Hex/Erth       7%         N/A       30%         4
 Vhi's Electric Charge    Tloc/Air       28%        N/A       30%         4
 Confusing Touch          Hex            7%         N/A       32%         3
 Ozocubu's Armour         Ice            7%         N/A       32%         3
 Sigil of Binding         Hex            7%         N/A       32%         3
 Tukima's Dance           Hex            7%         N/A       32%         3
 Alistair's Intoxication  Tmut/Pois      10%        N/A       50%         5
 Arcjolt                  Conj/Air       8%         1d18      50%         5
 Fireball                 Conj/Fire      8%         3d6       50%         5
 Summon Forest            Summ/Tloc      7%         N/A       56%         5
 Summon Lightning Spire   Summ/Air       8%         N/A       65%         4
 Bombard                  Conj/Erth      12%        9d3       67%         6
 Airstrike                Air            3%         2d(1-17)  71%         4
 Freezing Cloud           Conj/Ice/Air   6%         6-21      71%         5
 Simulacrum               Ice/Necr       10%        N/A       80%         6
 Silence                  Hex/Air        3%         N/A       96%         5
 Conjure Ball Lightning   Conj/Air       8%         3x3d6     97%         6
 Eringya's Noxious Bog    Tmut/Pois      8%         4d6       97%         6
 Orb of Destruction       Conj           13%        9d7       98%         7
 Haunt                    Necr/Summ      11%        N/A       99%         7
 Infestation              Necr           18%        N/A       99%         8
 Plasma Beam              Fire/Air       3%         2x1d13    100%        6
 Summon Cactus Giant      Summ           4%         N/A       100%        6
 Malign Gateway           Summ/Tloc      7%         N/A       100%        7
 Ozocubu's Refrigeration  Ice            3%         4d8       100%        7
 Spellforged Servitor     Conj/Summ      9%         N/A       100%        7
 Discord                  Hex            3%         N/A       100%        8
 Lehudib's Crystal Spear  Conj/Erth      12%        10d4      100%        8
 Chain Lightning          Conj/Air       8%         3d10      100%        9
 Fire Storm               Conj/Fire      8%         8d2       100%        9
 Polar Vortex             Ice            3%         N/A       100%        9
 Shatter                  Erth           10%        3d12*     100%        9


Dungeon Overview and Level Annotations

Branches:
Dungeon (15/15)            Temple (0/1) D:5            Lair (5/5) D:9
  Swamp (4/4) Lair:3        Snake (4/4) Lair:2        Slime (5/5) Lair:4
    Orc (2/2) D:10            Elf (3/3) Orc:2        Vaults (4/5) D:13
  Crypt (0/3) Vaults:2     Depths (4/4) D:15            Zot (5/5) Depths:4
  Sewer (visited)

Altars:
Ashenzari
Cheibriados
Fedhas
Gozag
Hepliaklqana
Makhleb
Nemelex Xobeh
Okawaru
Qazlal
Ru
Sif Muna
Trog
Uskayaw
Vehumet
Wu Jian
Xom
Jiyva

Shops:
D:6 ?   D:7 [   D:11 :   Orc:1 *   Orc:2 *[(:   Elf:1 =?   Elf:2 *   Snake:2 **
Snake:3 ?:=?   Vaults:3 *   Vaults:4 [   Depths:1 =:=   Depths:3 *:

Portals:
Hell: Depths:1 Depths:2 Depths:3 Depths:4
Abyss: Depths:3
Pandemonium: Depths:3
Ziggurat: Depths:1

Annotations:
Swamp:3 3 runed translucent doors, 1 exclusion, Zatibaps's ghost, journeyman FeVM
Swamp:4 1 runed translucent door, Pim's ghost, adept OpIE
Snake:1 2 runed translucent doors, Punaxali's ghost, journeyman MiBe
Orc:2 exclusion: ogre, Donald
Elf:2 exclusion: 2 downstairs
Elf:3 3 exclusions
Vaults:4 1 runed translucent door, othur's ghost, adept GrFi
Depths:2 1 exclusion
Zot:2 exclusion: downstairs
Zot:3 1 exclusion


Innate Abilities, Weirdness & Mutations

You have a pair of large horns on your head.
You have an unnaturally thin skeletal structure. (Dex +6, Stealth+++)
A powerful demonic guardian rushes to your aid.
When hurt, damage is shared between your health and your magic reserves.
You regenerate magic rapidly.
When low on magic, you restore magic in place of health.
You punish those that try to bend your will. (Will+)
You are clumsy. (Dex -2)
You are frail. (-10% HP)
Your muscles are strong. (Str +4, Int/Dex -1)


Message History

Your +8 great sword of the Realm of Zot {spect, rPois rF+ rCorr Dex+3} disappears.
A demonic guardian appears!
You miss the demonspawn corrupter.
The demonspawn corrupter shouts!
Your headbutt misses the demonspawn corrupter.
The demonspawn corrupter is almost dead.
Your +8 great sword of the Realm of Zot {spect, rPois rF+ rCorr Dex+3} hits the demonspawn corrupter!!!
You kill the demonspawn corrupter!
You slash the shadow demon!
The shadow demon is moderately wounded.
Your +8 great sword of the Realm of Zot {spect, rPois rF+ rCorr Dex+3} hits the shadow demon.
The shadow demon closely misses you.
Your cacodemon closely misses the shadow demon.
Your cacodemon hits the shadow demon!
You hit the shadow demon but do no damage.
The shadow demon is heavily wounded.
Your +8 great sword of the Realm of Zot {spect, rPois rF+ rCorr Dex+3} hits the shadow demon!!
The shadow demon gestures.
Send 'em back where they came from!
Your cacodemon disappears in a puff of smoke!
You slice the shadow demon!!
You kill the shadow demon!
Your +8 great sword of the Realm of Zot {spect, rPois rF+ rCorr Dex+3} disappears.
Magic restored.
HP restored.
A soul eater comes into view.
You hit the soul eater.
The soul eater is lightly wounded.
Your +8 great sword of the Realm of Zot {spect, rPois rF+ rCorr Dex+3} hits the soul eater!!
You hit the soul eater but do no damage.
The soul eater is severely wounded.
Your +8 great sword of the Realm of Zot {spect, rPois rF+ rCorr Dex+3} hits the soul eater!!!
You kill the soul eater!
No target in view!
No target in view!
Your +8 great sword of the Realm of Zot {spect, rPois rF+ rCorr Dex+3} disappears.
There is an open door here.
There is a staircase leading out of the dungeon here.
Unknown command.
You have escaped!

###'##.#
#####
#≈♣.P#.#
#♣~.~#.#
#~~..+.#
#~..~###
#~..~#
#~.~♣#
#..~♣#
#@.~~#
######


There were no monsters in sight!

Vanquished Creatures
  the Royal Jelly (Slime:5)
  A dread lich (Zot:5)
  4 orbs of fire
  3 ancient liches (Zot:5)
  2 Killer Klowns (Zot:5)
  Sojobo (Vaults:3)
  Bai Suzhen (Elf:3)
  3 curse toes
  Saint Roka (Vaults:1)
  Nikola (Snake:1)
  the Enchantress (Depths:4)
  8 golden dragons
  Jorgrun (D:15)
  2 electric golems (Zot:5)
  11 tentacled monstrosities
  Mlioglotl (Swamp:2)
  Asterion (Vaults:3)
  20 Orb Guardians (Zot:5)
  2 liches (Depths:1)
  A deep elf blademaster (Elf:3)
  7 quicksilver dragons
  2 sphinxes
  An acid blob (shapeshifter) (Depths:2)
  11 acid blobs
  9 death cobs
  A titan (Vaults:4)
  Frances (Swamp:1)
  14 storm dragons
  5 shadow dragons
  Aizul (Snake:1)
  7 azure jellies (Slime:5)
  2 thorn hunters
  4 tengu reavers
  6 draconian monks
  A nagaraja (Snake:4)
  6 fire giants
  2 rockslimes
  2 draconian knights
  9 vault wardens
  An iron dragon (Depths:2)
  A caustic shrike zombie (Depths:3)
  4 ghost moths
  A draconian scorcher (Zot:2)
  2 deep elf sorcerers (Elf:1)
  Louise (Depths:3)
  6 frost giants
  A draconian shifter (Zot:5)
  5 draconian annihilators
  A demonspawn corrupter (D:1)
  5 spriggan defenders
  3 juggernaut skeletons
  2 draconian stormcallers
  18 ironbound preservers
  A caustic shrike skeleton (Depths:2)
  5 orc warlords
  12 quicksilver oozes
  4 ironbound thunderhulks
  20 stone giants
  8 formless jellyfish
  31 very ugly things
  A war gargoyle (Vaults:1)
  Nessos (Orc:2)
  Azrael (D:13)
  5 eleionomae
  9 green draconians
  A vampire knight (Depths:3)
  6 black draconians
  A deep elf demonologist (Elf:3)
  8 white draconians
  7 red draconians
  2 lorocyprocas
  5 yellow draconians
  20 dire elephants
  4 bunyips
  A deep elf annihilator (Elf:3)
  3 crystal guardians
  4 purple draconians
  3 deep elf death magi
  10 fire dragons
  12 yaktaur captains
  8 ettins
  A merfolk impaler (Depths:2)
  4 jiangshi
  8 great orbs of eyes
  Fannar (Lair:2)
  2 hell beasts (D:6)
  A quicksilver dragon skeleton (Depths:1)
  6 ice dragons
  5 rakshasas
  3 peacekeepers
  10 vault guards
  14 anacondas
  3 salamander tyrants (Snake:4)
  11 centaur warriors
  2 ghost crabs
  24 hydras
  9 spriggan air magi
  8 ironbound frosthearts
  Erolcha (D:11)
  7 alligators
  A sphinx skeleton (Depths:3)
  An ogre mage (Vaults:4)
  3 boulder beetles
  A death knight (D:9)
  3 catoblepae
  3 two-headed ogres (D:9)
  28 dancing weapons
  Urug (Lair:4)
  3 vampire magi
  9 deep troll shamans
  12 naga warriors
  5 occultists
  6 tengu warriors
  14 naga sharpshooters
  2 orc high priests
  9 death yaks
  7 deep troll earth magi
  8 shock serpents
  15 deep elf knights
  8 spriggan berserkers
  2 soul eaters
  3 skysharks
  8 iron trolls
  4 salamander mystics (Snake:4)
  8 hell knights
  3 spriggan druids
  A storm dragon skeleton (Depths:1)
  A swamp dragon (shapeshifter) (D:13)
  6 glowing orange brains
  The ghost of Dirtsage the Cleaver, a novice DsBe of Trog (D:7)
  A spark wasp zombie (Depths:2)
  A shadow demon (D:1)
  A flayed ghost (Depths:3)
  11 swamp dragons
  An orange crystal statue (Depths:2)
  A death drake (shapeshifter) (Depths:2)
  4 goliath frogs
  66 deep trolls
  13 orc knights
  4 naga ritualists
  An arcanist (D:13)
  11 necromancers
  A phantasmal warrior (Vaults:2)
  14 lindwurms
  14 deep elf archers
  2 bog bodies
  12 ironbound convokers
  A golden dragon skeleton (Depths:1)
  A faun (shapeshifter) (Depths:4)
  A tengu zombie (Depths:3)
  39 deep elf zephyrmancers
  38 deep elf pyromancers
  A shining eye (Slime:5)
  4 will-o-the-wisps
  A wolf spider (Lair:5)
  A shadow dragon skeleton (Depths:2)
  A frost giant zombie (Depths:1)
  6 cyclopes
  5 manticores
  14 mana vipers
  A tengu skeleton (Depths:2)
  17 vault sentinels
  18 moths of wrath
  28 ugly things
  A manticore (shapeshifter) (D:9)
  5 orc sorcerers
  6 elephants
  21 salamanders
  8 guardian serpents
  A fire giant skeleton (Depths:3)
  An iron dragon skeleton (Depths:3)
  Maurice (D:10)
  9 naga magi
  A stone giant skeleton (Depths:1)
  42 black mambas
  3 gargoyles
  2 rime drakes
  11 cane toads
  2 efreet
  A spectral human (Depths:4)
  2 tengu conjurers (Depths:2)
  A tormentor (Depths:3)
  A freezing wraith (Vaults:2)
  7 komodo dragons
  A kobold demonologist (D:12)
  A golden dragon simulacrum (Depths:1)
  A queen bee (Lair:3)
  2 hellwings (D:5)
  A tengu simulacrum (Depths:2)
  36 yaktaurs
  12 tyrant leeches
  2 polar bears
  13 hornets
  5 blink frogs (Lair:1)
  4 trolls
  2 glass eyes
  A glass eye (shapeshifter) (Vaults:4)
  A fire giant simulacrum (Depths:2)
  A frost giant simulacrum (Depths:1)
  5 air elementals
  A shadow (D:11)
  12 spriggans
  45 slime creatures
  A vampire (D:13)
  A spriggan skeleton (Depths:2)
  2 flying skulls (Vaults:2)
  4 wraiths
  16 water elementals
  15 wyverns
  35 yaks
  5 basilisks
  4 fire elementals
  Grum (D:11)
  18 humans
  3 redbacks (Lair:5)
  3 steam dragons (D:9)
  A redback (shapeshifter) (Elf:1)
  5 wargs
  36 nagas
  13 vampire mosquitoes
  14 swamp worms
  A glowing shapeshifter skeleton (Depths:2)
  6 acid dragons
  29 water moccasins
  3 hell hounds (D:13)
  4 black bears
  Duvessa (D:4)
  5 swamp drakes
  A human skeleton (Depths:1)
  An ice beast (D:5)
  An ettin simulacrum (Depths:1)
  34 orc warriors
  A sky beast (D:7)
  6 ogres
  10 wolves
  8 centaurs
  2 phantoms
  3 kobold brigands
  Blork the orc (D:6)
  14 bullfrogs
  2 gnoll sergeants
  3 scorpions
  3 earth elementals
  11 wights
  Dowan (D:4)
  15 killer bees (Lair:3)
  10 electric eels
  4 howler monkeys
  4 crimson imps
  2 hounds
  Crazy Yiuf (D:4)
  4 gnoll boudas
  15 orc priests
  An iron imp (Orc:2)
  6 iguanas
  29 orc wizards
  8 hell rats
  29 gnolls
  4 adders
  4 river rats
  2 shadow imps
  3 white imps
  2 ufetubi (D:7)
  4 worms
  77 orcs
  9 endoplasms
  10 giant cockroaches
  10 goblins
  11 hobgoblins
  3 jackals (D:2)
  A quokka (D:1)
  8 ball pythons
  17 bats
  7 frilled lizards
  9 kobolds
  10 rats
1951 creatures vanquished.

Vanquished Creatures (collateral kills)
  A dread lich (Zot:5)
  2 ancient liches (Zot:5)
  A golden dragon (Zot:3)
  2 electric golems
  A tentacled monstrosity (Zot:3)
  3 Orb Guardians (Zot:5)
  A quicksilver dragon (Zot:5)
  7 acid blobs
  A storm dragon (Depths:4)
  3 draconian monks
  A rockslime (Slime:5)
  A spriggan defender (Depths:4)
  A vault warden (Vaults:4)
  2 quicksilver oozes
  A formless jellyfish (Slime:4)
  A red draconian (Zot:3)
  3 yellow draconians
  An ice dragon (Depths:4)
  A spriggan air mage (Depths:4)
  A great orb of eyes (Slime:5)
  A deep troll earth mage (Depths:4)
  A dancing weapon (Elf:2)
  An iron troll (Depths:4)
  2 salamander mystics
  4 deep trolls
  A deep elf archer (Elf:3)
  A deep elf pyromancer (Elf:3)
  2 deep elf zephyrmancers
  A necromancer (Depths:1)
  A shining eye (Slime:2)
  3 ugly things
  A tengu skeleton (Depths:1)
  3 moths of wrath
  A stone giant skeleton (Depths:1)
  2 elephants (Lair:3)
  An eye of devastation (Slime:4)
  2 yaktaurs
  A glass eye (shapeshifter) (Depths:2)
  3 glass eyes (Slime:5)
  9 slime creatures
  A yak (Lair:2)
  A naga (Snake:2)
  An orc warrior (D:9)
  3 gnolls
  An orc (D:9)
  A giant cockroach (D:2)
84 creatures vanquished.

Vanquished Creatures (others)
  A Killer Klown zombie (Zot:5)
  A vampire knight (Depths:2)
  2 quicksilver dragon zombies (Zot:2)
  4 acid blob zombies (Slime:5)
  6 Orb Guardian zombies (Zot:5)
  A naga warrior (Snake:4)
  2 quicksilver ooze zombies (Slime:5)
  2 deep elf knights (Elf:1)
  3 storm dragon zombies
  A deep elf zephyrmancer (Elf:2)
  2 draconian zombies (Depths:4)
  A deep elf pyromancer (Elf:1)
  A salamander (Snake:4)
  2 purple draconian zombies (Zot:3)
  2 black draconian zombies
  3 white draconian zombies
  2 green draconian zombies
  2 bloated husks
  A moth of wrath zombie (Zot:3)
  8 slime creature zombies (Slime:5)
  A naga (Snake:3)
  A crimson imp (D:9)
  A river rat (D:9)
  An orc (Orc:2)
  20 foxfires
  35 spectral weapons
  2 starspawn tentacles (Swamp:2)
108 creatures vanquished.

Grand Total: 2143 creatures vanquished

Notes
Turn   | Place    | Note
-------+----------+-------------------------------------------
     0 | D:1      | Sergey the Demonspawn Brigand began the quest for the Orb.
     0 | D:1      | Reached XP level 1. HP: 16/16 MP: 1/1
   706 | D:1      | Gained mutation: You regenerate magic rapidly. [demonic
                  | ancestry]
   706 | D:1      | Reached XP level 2. HP: 21/23 MP: 2/2
  1649 | D:2      | You fall into a shaft and drop 2 floors!
  1669 | D:4      | Reached XP level 3. HP: 29/29 MP: 3/3
  1810 | D:4      | Found a runed translucent door.
  1812 | D:4      | Noticed Crazy Yiuf
  1812 | D:4      | Noticed Duvessa
  1814 | D:4      | Noticed Dowan
  3468 | D:4      | Reached XP level 4. HP: 19/37 MP: 4/4
  3644 | D:3      | Found a glowing drain.
  3811 | Sewer    | Entered a sewer
  5373 | D:2      | Learned a level 1 spell: Apportation
  5396 | D:2      | Learned a level 1 spell: Summon Small Mammal
  5886 | D:2      | Reached skill level 1 in Summonings
  6365 | D:2      | Gained mutation: You have a pair of small horns on your
                  | head. [demonic ancestry]
  6365 | D:2      | Reached XP level 5. HP: 43/43 MP: 3/5
  7385 | D:3      | Found a hide-covered altar of Uskayaw.
  7385 | D:3      | Found an ornate altar of the Wu Jian Council.
  7418 | D:3      | Found a burning altar of Makhleb.
  7441 | D:3      | Became a worshipper of Uskayaw the Reveller
  7627 | D:3      | Reached * piety under Uskayaw
  7925 | D:3      | Reached skill level 5 in Fighting
  8912 | D:4      | Reached ** piety under Uskayaw
 10556 | D:4      | Reached XP level 6. HP: 38/51 MP: 6/6
 10641 | D:4      | Found a broken altar of Ashenzari.
 11072 | D:4      | Found a broken altar of Ashenzari.
 11471 | D:5      | Entered Level 5 of the Dungeon
 11814 | D:5      | Found an iron altar of Okawaru.
 11836 | D:5      | Found a staircase to the Ecumenical Temple.
 11987 | D:5      | Reached *** piety under Uskayaw
 12000 | D:5      | Reached **** piety under Uskayaw
 12080 | D:5      | Noticed an ice beast
 12088 | D:5      | Killed an ice beast
 12089 | D:5      | Gained mutation: A weak demonic guardian rushes to your
                  | aid. [demonic ancestry]
 12089 | D:5      | Reached XP level 7. HP: 53/56 MP: 4/7
 12474 | D:5      | Reached skill level 5 in Stealth
 12688 | D:6      | Noticed Blork the orc
 12776 | D:6      | Found Gissege's Magic Scroll Shop.
 12862 | D:6      | Reached skill level 5 in Short Blades
 13222 | D:6      | Bought a scroll of identify for 24 gold pieces
 13222 | D:6      | Bought a scroll of blinking for 90 gold pieces
 13222 | D:6      | Bought a scroll of identify for 24 gold pieces
 13222 | D:6      | Bought a scroll of vulnerability for 48 gold pieces
 13222 | D:6      | Bought a scroll of immolation for 48 gold pieces
 13223 | D:6      | Identified a scroll of acquirement
 13224 | D:6      | Acquired 608 gold pieces
 13226 | D:6      | Bought a scroll of amnesia for 48 gold pieces
 13226 | D:6      | Bought 3 scrolls of revelation for 270 gold pieces
 13226 | D:6      | Bought a scroll of teleportation for 36 gold pieces
 13491 | D:6      | Reached XP level 8. HP: 63/64 MP: 8/8
 15169 | D:5      | Reached skill level 1 in Dodging
 15339 | D:7      | Noticed a boulder beetle
 16159 | D:7      | Found Xenuj's Armour Shop.
 16168 | D:7      | Bought a +1 buckler of protection for 198 gold pieces
 16197 | D:7      | Found a runed translucent gate.
 16197 | D:7      | Found a runed translucent gate.
 16197 | D:7      | Found a runed translucent gate.
 16219 | D:7      | Bought a +0 pair of boots for 54 gold pieces
 16246 | D:7      | Found an opulent altar of Gozag.
 16246 | D:7      | Noticed a green ugly thing
 16248 | D:7      | Noticed a slime creature
 16250 | D:7      | Noticed Dirtsage's ghost (novice DsBe)
 16627 | D:8      | Noticed a gargoyle
 16627 | D:8      | Noticed a cyclops
 16777 | D:8      | Found a stormy altar of Qazlal.
 16781 | D:8      | Noticed an air elemental
 16893 | D:8      | Gained mutation: When hurt, damage is shared between your
                  | health and your magic reserves. [demonic ancestry]
 16893 | D:8      | Reached XP level 9. HP: 71/71 MP: 12/12
 17563 | D:6      | Killed Blork the orc
 17683 | D:9      | Identified the of Zyzar
 17800 | D:9      | Found a shimmering altar of Xom.
 17826 | D:9      | Acquired a manual of Invocations
 17853 | D:9      | Noticed a death yak
 17854 | D:9      | Noticed a death yak
 18394 | D:9      | Noticed a death yak
 18968 | D:10     | Identified the "Kuzom"
 18968 | D:10     | Entered Level 10 of the Dungeon
 19117 | D:10     | Reached skill level 5 in Invocations
 19436 | D:10     | Reached ***** piety under Uskayaw
 19443 | D:10     | Reached skill level 10 in Invocations
 19443 | D:10     | Reached XP level 10. HP: 79/80 MP: 17/17
 19606 | D:10     | Found a shimmering blue altar of Sif Muna.
 19656 | D:10     | Found a staircase to the Orcish Mines.
 19886 | D:10     | Found a bloodstained altar of Trog.
 19891 | D:10     | Noticed Maurice
 19897 | D:10     | Killed Maurice
 19898 | D:10     | Reached skill level 1 in Evocations
 20389 | D:11     | Noticed Erolcha
 20852 | D:9      | Killed a death yak
 20864 | D:9      | Killed a death yak
 21114 | D:9      | Found a staircase to the Lair.
 21418 | D:9      | Found a sparkling altar of Nemelex Xobeh.
 21767 | D:4      | Killed Crazy Yiuf
 21814 | D:4      | Killed Duvessa
 21834 | D:4      | Killed Dowan
 22074 | Lair:1   | Entered Level 1 of the Lair of Beasts
 22095 | Lair:1   | Noticed a cane toad
 22112 | Lair:1   | Noticed a skyshark
 22116 | Lair:1   | Killed a skyshark
 22167 | Lair:1   | Noticed a cane toad
 22178 | Lair:1   | Noticed a cane toad
 22359 | Lair:1   | Noticed a black mamba
 22445 | Lair:1   | Gained mutation: When low on magic, you restore magic in
                  | place of health. [demonic ancestry]
 22445 | Lair:1   | Reached XP level 11. HP: 87/87 MP: 21/21
 23176 | Lair:1   | You fall into a shaft and drop 1 floor!
 23225 | Lair:2   | Noticed a five-headed hydra
 23470 | Lair:2   | Noticed Fannar
 23687 | Lair:2   | Killed Fannar
 23945 | Lair:2   | Reached skill level 10 in Fighting
 23949 | Lair:2   | Acquired the ring "Dyleq" {Will++ Str+6 Int+2}
 23979 | Lair:2   | Found a staircase to the Snake Pit.
 24172 | Lair:2   | Reached skill level 10 in Short Blades
 24831 | Lair:2   | Identified the +6 falchion of the Writhing Augurer {venom,
                  | rPois}
 25002 | Lair:3   | Reached skill level 5 in Dodging
 25056 | Lair:3   | Gained mutation: You have a somewhat thin skeletal
                  | structure. (Dex +2, Stealth+) [demonic ancestry]
 25056 | Lair:3   | Reached XP level 12. HP: 74/97 MP: 18/23
 25062 | Lair:3   | Reached skill level 15 in Invocations
 25489 | Lair:3   | Identified the -2 pair of boots of the Forest {Will+}
 25980 | Lair:3   | Found a staircase to the Swamp.
 26208 | Lair:4   | Noticed a four-headed hydra
 26214 | Lair:4   | Killed a four-headed hydra
 26218 | Lair:4   | Noticed a catoblepas
 26238 | Lair:4   | Killed a catoblepas
 26423 | Lair:4   | Noticed a death yak
 26423 | Lair:4   | Noticed a death yak
 26425 | Lair:4   | Noticed a death yak
 26428 | Lair:4   | Noticed a death yak
 26436 | Lair:4   | Noticed a death yak
 26450 | Lair:4   | Noticed a death yak
 26454 | Lair:4   | Killed a death yak
 26464 | Lair:4   | Killed a death yak
 26464 | Lair:4   | Killed a death yak
 26469 | Lair:4   | Killed a death yak
 26473 | Lair:4   | Killed a death yak
 26473 | Lair:4   | Reached ****** piety under Uskayaw
 26474 | Lair:4   | Killed a death yak
 26573 | Lair:4   | Noticed Urug
 26581 | Lair:4   | Killed Urug
 26582 | Lair:4   | Reached skill level 10 in Dodging
 26600 | Lair:4   | Noticed a six-headed hydra
 26608 | Lair:4   | Killed a six-headed hydra
 26706 | Lair:4   | Found a staircase to the Slime Pits.
 26707 | Lair:4   | Found a viscous altar of Jiyva.
 26779 | Lair:4   | Reached XP level 13. HP: 103/103 MP: 25/25
 27232 | Lair:5   | Entered Level 5 of the Lair of Beasts
 27724 | Lair:5   | Reached skill level 5 in Throwing
 28206 | Lair:5   | Found a sparkling altar of Nemelex Xobeh.
 28430 | Lair:5   | Reached skill level 10 in Stealth
 28888 | D:9      | Found a blossoming altar of Fedhas.
 28955 | D:9      | Reached skill level 1 in Spellcasting
 29233 | D:11     | Noticed Grum
 29250 | D:11     | Killed Grum
 29273 | D:11     | Found Cored's Book Shop.
 29413 | D:11     | Killed Erolcha
 29630 | D:11     | Reached skill level 5 in Spellcasting
 30526 | D:12     | Reached XP level 14. HP: 110/110 MP: 26/26
 30759 | D:12     | Identified the +4 short sword of Gaxker {vamp, rElec Dex+3}
 31269 | Orc:1    | Entered Level 1 of the Orcish Mines
 31295 | Orc:1    | Learned a level 2 spell: Wereblood
 31449 | Orc:2    | Entered Level 2 of the Orcish Mines
 31486 | Orc:2    | Noticed an orc warlord
 31502 | Orc:2    | Killed an orc warlord
 31503 | Orc:2    | Reached skill level 1 in Transmutations
 31695 | Orc:2    | Noticed an orc warlord
 32185 | Orc:2    | Killed an orc warlord
 32380 | Orc:2    | Found Erphutan's General Store.
 32461 | Orc:2    | Found Joescheat's Antique Weapon Shoppe.
 32478 | Orc:2    | Found Moafica's Book Shoppe.
 32687 | Orc:2    | Noticed Nessos
 32691 | Orc:2    | Killed Nessos
 32701 | Orc:2    | Noticed Donald
 32790 | Orc:2    | Reached skill level 5 in Transmutations
 32858 | Orc:2    | Found Qyinome's Antique Armour Shoppe.
 33065 | Orc:2    | Found a staircase to the Elven Halls.
 33520 | Orc:1    | Noticed Sonja
 33523 | Orc:1    | Sonja changed into Sonja the human
 33523 | Orc:1    | Noticed Sonja
 33535 | Orc:1    | Killed Sonja the human
 33864 | Orc:1    | Found Roulog's Assorted Antiques.
 33878 | Orc:1    | Bought a scroll of enchant weapon for 187 gold pieces
 33878 | Orc:1    | Bought a slimy leather armour for 175 gold pieces
 33878 | Orc:1    | Identified the +0 leather armour of Instinct {Rampage Drain
                  | rCorr Dex+2} (You bought it in a shop on level 1 of the
                  | Orcish Mines)
 33878 | Orc:1    | Bought a scroll of revelation for 187 gold pieces
 33878 | Orc:1    | Bought a scroll of fear for 100 gold pieces
 33878 | Orc:1    | Bought a scroll of teleportation for 75 gold pieces
 33966 | Orc:2    | Bought a smoking dagger for 259 gold pieces
 33966 | Orc:2    | Identified the +1 dagger of Earthquakes {spect, Stlth+}
                  | (You bought it in a shop on level 2 of the Orcish Mines)
 33967 | Orc:2    | Bought a slimy scimitar for 333 gold pieces
 33967 | Orc:2    | Identified the +3 scimitar "Toaraa" {flame, rN+} (You
                  | bought it in a shop on level 2 of the Orcish Mines)
 34235 | D:9      | Identified the +8 great sword of the Realm of Zot {spect,
                  | rPois rF+ rCorr Dex+3}
 34666 | D:9      | Identified the +2 leather armour "Buax" {rF+}
 35097 | D:9      | Identified the +1 mace of Inconvenience {vamp, *Noise rElec
                  | Dex+2}
 35508 | D:13     | Noticed Azrael
 35519 | D:13     | Killed Azrael
 35626 | D:13     | Gained mutation: You have a moderately thin skeletal
                  | structure. (Dex +4, Stealth++) [demonic ancestry]
 35626 | D:13     | Reached XP level 15. HP: 111/117 MP: 25/27
 35995 | D:13     | Reached skill level 1 in Long Blades
 36049 | D:13     | Found a gate to the Vaults.
 36992 | D:7      | Found a snail-covered altar of Cheibriados.
 37008 | D:7      | Found an opulent altar of Gozag.
 37113 | D:7      | Killed Dirtsage's ghost
 38645 | D:15     | Entered Level 15 of the Dungeon
 38719 | D:15     | Found a staircase to the Depths.
 39218 | D:15     | Found a radiant altar of Vehumet.
 39383 | D:15     | Noticed Jorgrun
 39390 | D:15     | Killed Jorgrun
 39863 | Snake:1  | Entered Level 1 of the Snake Pit
 40042 | Snake:1  | Found a large runed translucent door.
 40042 | Snake:1  | Found a large runed translucent door.
 40065 | Snake:1  | Noticed Nikola
 40146 | Swamp:1  | Entered Level 1 of the Swamp
 40509 | Swamp:1  | Gained mutation: A demonic guardian rushes to your aid.
                  | [demonic ancestry]
 40509 | Swamp:1  | Reached XP level 16. HP: 92/127 MP: 26/28
 40675 | Swamp:1  | Noticed Frances
 40723 | Swamp:1  | Killed Frances
 40724 | Swamp:1  | Reached skill level 10 in Evocations
 40927 | Swamp:1  | You fall into a shaft and drop 1 floor!
 40927 | Swamp:2  | Noticed Mlioglotl
 40928 | Swamp:2  | Noticed a thorn hunter
 40935 | Swamp:2  | Noticed a tentacled starspawn
 41758 | Swamp:2  | Identified the scarf of Ymaes {shadows, rPois rF+ Dex+4}
 41971 | Swamp:2  | Noticed a lich
 41977 | Swamp:2  | Killed Mlioglotl
 42677 | Swamp:2  | Killed a thorn hunter
 43686 | Swamp:3  | Found a runed translucent gate.
 43686 | Swamp:3  | Found a runed translucent gate.
 43787 | Swamp:3  | Found a runed translucent gate.
 43804 | Swamp:3  | Noticed Zatibaps's ghost (journeyman FeVM)
 44599 | Swamp:4  | Entered Level 4 of the Swamp
 44601 | Swamp:4  | Noticed a thorn hunter
 44847 | Swamp:3  | Killed a thorn hunter
 45613 | Swamp:4  | Reached skill level 15 in Fighting
 45613 | Swamp:4  | Reached skill level 5 in Long Blades
 46231 | Swamp:4  | Found a runed translucent door.
 46231 | Swamp:4  | Found a shimmering altar of Xom.
 46231 | Swamp:4  | Noticed Pim's ghost (adept OpIE)
 46400 | Swamp:4  | Identified the +2 broad axe of Gloom {drain, Will++ Str-5}
 46407 | Swamp:4  | Gained mutation: You have a pair of horns on your head.
                  | [demonic ancestry]
 46407 | Swamp:4  | Reached XP level 17. HP: 76/142 MP: 20/29
 46842 | Swamp:4  | Identified the +0 chain mail "Alixuxarch" {rPois}
 46880 | Swamp:4  | Got a decaying rune of Zot
 47220 | Elf:1    | Entered Level 1 of the Elven Halls
 47268 | Elf:1    | Learned a level 5 spell: Irradiate
 47443 | Elf:1    | Found Esack's Jewellery Shop.
 47734 | Elf:1    | Reached skill level 1 in Conjurations
 47808 | Elf:1    | Paralysed by an air elemental for 1 turns
 48004 | Elf:1    | Identified the +1 leather armour "Enoeheg" {+Blink}
 48149 | Elf:1    | Reached skill level 5 in Conjurations
 48206 | Elf:1    | Paralysed by an air elemental for 1 turns
 48210 | Elf:1    | Paralysed by an air elemental for 1 turns
 48408 | Elf:1    | Found Dunnic's Magic Scroll Boutique.
 48420 | Elf:1    | Bought a scroll of teleportation for 48 gold pieces
 48420 | Elf:1    | Bought a scroll of torment for 152 gold pieces
 48919 | Elf:2    | Reached skill level 10 in Long Blades
 49100 | Elf:2    | Found Maines's Assorted Antiques.
 49105 | Elf:2    | Bought a potion of curing for 96 gold pieces
 49105 | Elf:2    | Bought a potion of heal wounds for 160 gold pieces
 49268 | Elf:2    | Found a runed translucent gate.
 49268 | Elf:2    | Found a runed translucent gate.
 49269 | Elf:2    | Found a runed translucent gate.
 49500 | Elf:3    | Identified the of Hoel
 49500 | Elf:3    | Entered Level 3 of the Elven Halls
 49500 | Elf:3    | Noticed Bai Suzhen
 49977 | Elf:3    | Killed Bai Suzhen
 50060 | Elf:3    | Noticed a deep elf blademaster
 50068 | Elf:3    | Killed a deep elf blademaster
 50175 | Elf:3    | Paralysed by an air elemental for 1 turns
 50217 | Elf:3    | Gained mutation: A powerful demonic guardian rushes to your
                  | aid. [demonic ancestry]
 50217 | Elf:3    | Reached XP level 18. HP: 102/149 MP: 14/30
 50845 | Elf:3    | Identified the +1 glaive "Erghom" {flame, MP+9 Str+3 SInv}
 50845 | Elf:3    | Identified the +1 leather armour "Tets" {rCorr}
 50993 | Elf:3    | Identified the +0 chain mail "Puxzet" {Harm Drain Regen+
                  | Int+4}
 51227 | Vaults:1 | Entered Level 1 of the Vaults
 51258 | Vaults:1 | Identified the +5 falchion of the Valley {drain, +Blink rF+
                  | Str+3}
 51465 | Vaults:1 | Noticed Saint Roka
 51471 | Vaults:1 | Killed Saint Roka
 52861 | Vaults:1 | Acquired 914 gold pieces
 52962 | Vaults:1 | Reached skill level 10 in Spellcasting
 54146 | Vaults:2 | Found a staircase to the Crypt.
 54156 | Vaults:2 | Reached XP level 19. HP: 119/155 MP: 33/33
 55311 | Vaults:2 | Reached skill level 15 in Dodging
 56078 | Vaults:3 | Found Aniobbet's General Store.
 56373 | Vaults:3 | Noticed Sojobo
 56382 | Vaults:3 | Killed Sojobo
 57048 | Vaults:3 | Noticed Asterion
 57056 | Vaults:3 | Killed Asterion
 57422 | Vaults:4 | Found a runed translucent door.
 57422 | Vaults:4 | Noticed othur's ghost (adept GrFi)
 57538 | Vaults:4 | Gained mutation: You have a pair of large horns on your
                  | head. [demonic ancestry]
 57538 | Vaults:4 | Reached XP level 20. HP: 132/163 MP: 28/34
 58491 | Vaults:4 | Identified the +3 ring mail of Tiofaal {rF++ Int+4}
 58496 | Vaults:4 | Found Xoihomm's Antique Armour Shop.
 59155 | Snake:1  | Killed Nikola
 59188 | Snake:1  | Identified the serpent talisman of Insurance {Str+2 SInv}
 59188 | Snake:1  | Noticed Aizul
 59198 | Snake:1  | Killed Aizul
 59761 | Snake:1  | Noticed Punaxali's ghost (journeyman MiBe)
 60031 | Snake:2  | Found a sacrificial altar of Ru.
 60067 | Snake:2  | Found Licih's Luxury Loot.
 60086 | Snake:2  | Bought a manual of Long Blades for 1040 gold pieces
 60850 | Snake:2  | Found Fykup's Round Resellers.
 61655 | Snake:3  | Found Soudd's Jewellery Shop.
 61655 | Snake:3  | Found Mumnaj's Book Boutique.
 61659 | Snake:3  | Found Xuega's Magic Scroll Boutique.
 61660 | Snake:3  | Found Usooluf's Magic Scroll Shop.
 61682 | Snake:3  | Bought a scroll of revelation for 112 gold pieces
 61689 | Snake:3  | Bought a scroll of teleportation for 63 gold pieces
 61689 | Snake:3  | Bought a scroll of fear for 84 gold pieces
 61689 | Snake:3  | Bought a scroll of immolation for 84 gold pieces
 61689 | Snake:3  | Bought a scroll of torment for 199 gold pieces
 61811 | Snake:4  | Entered Level 4 of the Snake Pit
 61821 | Snake:4  | Reached skill level 15 in Long Blades
 63214 | Snake:4  | Reached XP level 21. HP: 162/174 MP: 32/35
 63259 | Snake:4  | Got a serpentine rune of Zot
 63629 | Depths:1 | Entered Level 1 of the Depths
 63863 | Depths:1 | Found a gateway to Hell.
 63953 | Depths:1 | Found Nilicil's Jewellery Boutique.
 63958 | Depths:1 | Found Cear's Book Emporium.
 63965 | Depths:1 | Found Iluawow's Jewellery Boutique.
 64033 | Depths:1 | Found a radiant altar of Vehumet.
 64066 | Depths:1 | Identified the +2 robe of Mupao {Int+4}
 64327 | Depths:1 | Found a one-way gateway to a ziggurat.
 65339 | Depths:2 | Found a runed translucent door.
 65803 | Depths:2 | Reached skill level 1 in Necromancy
 66614 | Depths:2 | Found a runed translucent door.
 66718 | Depths:2 | a fenstrider witch changed into a caustic shrike
 66718 | Depths:2 | Noticed a caustic shrike (glowing shapeshifter)
 66722 | Depths:2 | a caustic shrike changed into a golden dragon
 66722 | Depths:2 | Noticed a golden dragon (glowing shapeshifter)
 66736 | Depths:2 | Reached skill level 5 in Necromancy
 66736 | Depths:2 | Reached XP level 22. HP: 176/184 MP: 31/36
 67170 | Depths:3 | Found a sacrificial altar of Ru.
 67614 | Depths:3 | Found Citutots's Assorted Antiques.
 67632 | Depths:3 | Noticed a golden dragon
 67636 | Depths:3 | Killed a golden dragon
 67641 | Depths:3 | Reached skill level 10 in Necromancy
 67775 | Depths:3 | Noticed Louise
 67785 | Depths:3 | Killed Louise
 67911 | Depths:3 | Found a one-way gate to the infinite horrors of the Abyss.
 67962 | Depths:3 | Found Zeurgh's Book Shoppe.
 68268 | Depths:1 | Bought Niepnyta's Volume of Darkness and the Door for 408
                  | gold pieces
 68275 | Depths:1 | Learned a level 6 spell: Death Channel
 68280 | Depths:1 | Learned a level 4 spell: Animate Dead
 68680 | Depths:3 | Found a one-way gate leading to the halls of Pandemonium.
 68961 | Depths:3 | Found an ornate altar of the Wu Jian Council.
 68992 | Depths:4 | Entered Level 4 of the Depths
 69051 | Depths:4 | Reached skill level 1 in Earth Magic
 69347 | Depths:4 | Acquired the ring of Charity {rPois EV+5 Dex+4}
 69535 | Depths:1 | Bought the amulet of Huuzxiem {Reflect Drain rPois rC+++
                  | Will+ SH+5} for 1447 gold pieces
 71112 | Depths:4 | Reached skill level 5 in Earth Magic
 71112 | Depths:4 | Reached XP level 23. HP: 190/190 MP: 28/39
 71163 | Depths:4 | Found a hazy altar of Hepliaklqana.
 71218 | Depths:4 | Learned a level 5 spell: Borgnjor's Vile Clutch
 71234 | Depths:4 | Found a gate to the Realm of Zot.
 71238 | Depths:4 | Noticed the Enchantress
 71245 | Depths:4 | Killed the Enchantress
 72012 | Snake:3  | Bought a scroll of enchant armour for 112 gold pieces
 72184 | Slime:1  | Entered Level 1 of the Pits of Slime
 72203 | Slime:1  | Reached skill level 1 in Armour
 72463 | Slime:4  | Paralysed by a formless jellyfish for 1 turns
 72529 | Slime:5  | Identified the of Vastozig
 72529 | Slime:5  | Identified the "Waasecw"
 72529 | Slime:5  | Identified the "Obruek"
 72529 | Slime:5  | Identified the of Icoma
 72529 | Slime:5  | Entered Level 5 of the Pits of Slime
 72702 | Slime:5  | Noticed the Royal Jelly
 72827 | Slime:5  | Killed the Royal Jelly
 72828 | Slime:5  | Reached skill level 5 in Armour
 72936 | Slime:5  | Got a slimy rune of Zot
 72937 | Slime:5  | Identified the ring of Xuguar {rC+ Str+6 Int+2}
 72952 | Slime:5  | Identified the +2 hand axe of Triumph {protect, rCorr}
 72977 | Slime:5  | Learned a level 2 spell: Blink
 73030 | Slime:5  | Reached skill level 1 in Translocations
 73090 | Slime:5  | Identified the +9 longbow of Eternal Vigilance {heavy,
                  | Fragile rN++ MP+9}
 73127 | Slime:5  | Identified the +3 leather armour of Watchfulness {Rampage
                  | rPois Int-5 Dex+2}
 73725 | Zot:1    | Entered Level 1 of the Realm of Zot
 73890 | Zot:1    | Identified the +2 pair of gloves of Syndicalism {Regen+
                  | Str+3}
 74460 | Zot:1    | Noticed an orb of fire
 74475 | Zot:1    | Killed an orb of fire
 74521 | Zot:1    | Identified the +2 chain mail "Qywk" {-Cast rCorr Dex+2}
 75044 | Zot:2    | Reached skill level 5 in Translocations
 75220 | Zot:2    | Gained mutation: You have an unnaturally thin skeletal
                  | structure. (Dex +6, Stealth+++) [demonic ancestry]
 75220 | Zot:2    | Reached XP level 24. HP: 168/197 MP: 36/39
 75724 | Zot:3    | Noticed an orb of fire
 75903 | Zot:3    | Reached skill level 10 in Armour
 76577 | Zot:4    | Identified the +11 short sword "Cahouzag" {freeze, Int+3}
 76727 | Zot:4    | Noticed an orb of fire
 76728 | Zot:4    | Gained mutation: You do not regenerate when monsters are
                  | visible. [an orb of fire]
 77144 | Zot:4    | Noticed an orb of fire
 77156 | Zot:4    | Killed an orb of fire
 77315 | Zot:4    | Gained mutation: You are frail. (-10% HP) [an orb of fire]
 77321 | Zot:4    | Lost mutation: You are frail. (-10% HP) [potion of
                  | mutation]
 77321 | Zot:4    | Lost mutation: You do not regenerate when monsters are
                  | visible. [potion of mutation]
 77321 | Zot:4    | Gained mutation: You are occasionally teleported next to
                  | monsters. [potion of mutation]
 77321 | Zot:4    | Gained mutation: You occasionally lose the ability to read
                  | scrolls when taking damage. [potion of mutation]
 77322 | Zot:4    | Lost mutation: You are occasionally teleported next to
                  | monsters. [potion of mutation]
 77322 | Zot:4    | Lost mutation: You occasionally lose the ability to read
                  | scrolls when taking damage. [potion of mutation]
 77322 | Zot:4    | Gained mutation: Your muscles are strong. (Str +4, Int/Dex
                  | -1) [potion of mutation]
 77322 | Zot:4    | Gained mutation: You are clumsy. (Dex -2) [potion of
                  | mutation]
 77322 | Zot:4    | Gained mutation: Your mind is acute. (Int +4, Str/Dex -1)
                  | [potion of mutation]
 77324 | Zot:4    | Gained mutation: You are frail. (-10% HP) [an orb of fire]
 77746 | Zot:5    | Entered Level 5 of the Realm of Zot
 77766 | Zot:5    | Identified the ring "Biupoipay" {Fire rN++ Str-5 Int-4
                  | Dex+2 SInv}
 79656 | Zot:5    | Noticed a Killer Klown
 79661 | Zot:5    | Noticed an ancient lich
 79666 | Zot:5    | Noticed an ancient lich
 79666 | Zot:5    | Noticed an ancient lich
 79666 | Zot:5    | Noticed an orb of fire
 79666 | Zot:5    | Noticed a dread lich
 79666 | Zot:5    | Noticed an ancient lich
 79668 | Zot:5    | Killed a Killer Klown
 79669 | Zot:5    | Noticed an orb of fire
 79675 | Zot:5    | Killed an orb of fire
 79679 | Zot:5    | Killed an ancient lich
 79687 | Zot:5    | Killed an ancient lich
 79688 | Zot:5    | Gained mutation: You punish those that try to bend your
                  | will. (Will+) [demonic ancestry]
 79688 | Zot:5    | Reached XP level 25. HP: 150/187 MP: 21/39
 79689 | Zot:5    | Lost mutation: Your mind is acute. (Int +4, Str/Dex -1) [an
                  | orb of fire]
 79690 | Zot:5    | Killed an orb of fire
 79696 | Zot:5    | Killed an ancient lich
 79713 | Zot:5    | Noticed a dread lich
 79724 | Zot:5    | Killed a dread lich
 79754 | Zot:5    | Killed a dread lich
 79762 | Zot:5    | Killed an ancient lich
 79794 | Zot:5    | Noticed a Killer Klown
 79850 | Zot:5    | Noticed an ancient lich
 79859 | Zot:5    | Killed an ancient lich
 79937 | Zot:5    | Killed a Killer Klown
 79977 | Zot:5    | Got the Orb of Zot
 80535 | D:$      | Escaped with the Orb!

Illustrated notes

Levels and vault maps discovered:
D:1:      tarquinn_simple_flora_water_f, layout_rooms, st_stairs_1
D:2:      layout_basic, chequers_serial_rivers_small_a,
          corexii_leaking_fountain, minmay_close_crescents
D:3:      layout_basic, gammafunk_temple_overflow_pools,
          overflow_temple_1_default, zin_academy, cheibrodos_sewer_entry_drain
D:4:      layout_loops_cross, cheibrodos_ashenzari_chains,
          uniq_crazy_yiuf_cottage, uniq_duvessa
D:5:      minmay_spotlight, layout_loops_ring, okawaru_gym_becter,
          minmay_temple_entry_proselytizer, hangedman_decor_riveting,
          roderic_batcave
D:6:      layout_layer_cave, mainiacjoe_overflow_boulevard, serial_shops,
          nicolae_shop_peninsula, kennysheep_donut, uniq_blork_the_orc
D:7:      layout_loops_ring, mainiacjoe_overflow_swirl, ebering_ghost_gozag,
          nicolae_stop_n_shop_1, due_unseen_surprise
D:8:      layout_basic, nicolae_qazlal_style_of_elements, lightli_corner_chamber
D:9:      minmay_the_grid_octo_tiled_octocenter [minmay_the_grid_octo_clover,
          minmay_the_grid_octo_fan_narrow, minmay_the_grid_octo_fat_diamond,
          minmay_the_grid_octo_horde,
          minmay_the_grid_octo_prize_square_snowflake,
          minmay_the_grid_square_5x5_three_small,
          minmay_the_grid_square_5x5_two_walls_b,
          minmay_the_grid_square_5x5_two_walls_a,
          minmay_the_grid_square_5x5_inner_i], layout_basic,
          nemelex_diamond_rough_becter, led_xom_imps, fedhas_altar_4,
          dpeg_lair_monsters, enter_bailey_3
D:10:     layout_loops_ring, marbit_many_paths, lemuel_doored_altar,
          david_orc_3, uniq_maurice
D:11:     layout_long_grid, serial_shops, nicolae_shop_statue_plus,
          patterned_corridor, uniq_erolcha, uniq_grum
D:12:     layout_basic, kennysheep_boxes
D:13:     layout_gridville, grunt_vaults_entry_tiered, nicolae_wwwww,
          uniq_azrael
D:14:     layout_basic, minivault_14
D:15:     grunt_enter_depths_snipers, layout_basic, vehumet_crystals,
          uniq_jorgrun
Lair:1:   layout_chaotic_city
Lair:2:   layout_cave_pods, minmay_snake_entry_guardpost_small,
          serial_bayou_shore_a, lemuel_fruit_fields, grunt_megastairs_3,
          uniq_fannar
Lair:3:   layout_roguey [special_room_bee], nicolae_swamp_entry_splash_gauntlet
Lair:4:   layout_regular_city, slime_entry_1, uniq_urug
Lair:5:   hangedman_lair_tendril_chambers, layout_loops_ring, basic_altar
Swamp:1:  tekkud_swamp_unearthing_site, layout_falls_marsh,
          evilmike_swamp_ruin_house_1, evilmike_swamp_ruin_house_2, uniq_frances
Swamp:2:  layout_falls_marsh, nicolae_swamp_fairy_circle, swamp_pool_1_2,
          uniq_mlioglotl
Swamp:3:  layout_falls_marsh, gammafunk_ghost_necromancy,
          evilmike_swamp_ruin_house_4, swamp_pool_1_2, nicolae_swamp_snake_nest
Swamp:4:  swamp_alternative, layout_basic_swamp, ebering_ghost_xom
Snake:1:  layout_misc_corridors, ebering_ghost_disaster_area, drop_trap,
          lemuel_fruit_tree, uniq_aizul, uniq_nikola
Snake:2:  layout_basic, basic_altar, grunt_ministairs_3, nicolae_alphabet_shops,
          nrook_loot_triangle, tekkud_shop_of_orbs
Snake:3:  layout_misc_corridors, minmay_shoptagon
Snake:4:  snake_pit_salamanders_mu, layout_basic
Slime:1:  layout_caves
Slime:2:  layout_caves
Slime:3:  layout_caves
Slime:4:  layout_caves
Slime:5:  slime_pit_nicolae_trefoil
Orc:1:    layout_diamond_mine, serial_shops, shop, basic_altar,
          bh_open_orc_temple, uniq_sonja
Orc:2:    grunt_orc_cross, layout_caves, basic_altar, hangedman_minor_magic,
          uniq_donald, uniq_nessos
Elf:1:    eino_elf_arrival_the_gate, layout_loops_corners, serial_shops, shop,
          shop, serial_glass, glass_columns_a, glass_columns_a,
          item_on_display_a, due_unseen_surprise, feat_on_display,
          item_on_display_a, hangedman_elven_crosses_minicolossus
Elf:2:    nicolae_elf_blades_splatter_lattice
          [nicolae_blade_entry_sentries_behind_glass], layout_onion_city,
          serial_sigils, serial_sigils_hangedman_carve,
          serial_sigils_hangedman_stare, serial_sigils_hangedman_shear,
          serial_sigils_hangedman_scratch, serial_shops,
          nicolae_shop_pleasant_corner_grove
Elf:3:    grunt_elf_hall_diamonds, layout_geoelf_octagon, item_on_display_a,
          uniq_bai_suzhen
Vaults:1: nicolae_vaults_mini_display_case, nicolae_vaults_apartment_1,
          hangedman_vaults_cutoff, ontoclasm_vaults_decontamination,
          nicolae_vaults_closet_pinwheel_5, ontoclasm_vaults_bender,
          nicolae_vaults_network_star, nicolae_vaults_tetromino_L_1,
          nicolae_vaults_six-pack, dpeg_vaults_monster_box,
          nicolae_vaults_trapezoid_1, nicolae_vaults_little_squares_5,
          layout_vaults_ring, uniq_saint_roka
Vaults:2: nicolae_vaults_diamond_2, minmay_crypt_entry_simple_round,
          nicolae_vaults_frosty_reception, nicolae_vaults_twisting_passages,
          v_rooms_5, v_misc_8, vaults_standard_mumra_lines,
          nicolae_vaults_angled_halls, nicolae_vaults_doubleplus_tesselated,
          nicolae_vaults_little_squares_6, v_misc_24, nicolae_vaults_big_ls,
          nicolae_vaults_little_squares_4, nicolae_vaults_house_1,
          layout_vaults_big_cross
Vaults:3: v_misc_18, v_misc_19, v_misc_3, vaults_standard_mumra_x,
          grunt_vaults_diagonal, ontoclasm_vaults_pinch,
          layout_vaults_quadrants, serial_shops, shop, uniq_sojobo,
          uniq_asterion
Vaults:4: hellmonk_ghost_happy_afterlife, ontoclasm_vaults_chip, v_rooms_4,
          grunt_vaults_focal, v_alt_pattern_6, vaults_mumra_lcd,
          nicolae_vaults_enemy_cabinets, nicolae_vaults_closet_pinwheel_1,
          nicolae_vaults_offset_grid_hallway_2, v_misc_29,
          ontoclasm_vaults_idyll, nicolae_vaults_six-pack,
          vaults_room_stairs_pillars, ontoclasm_vaults_ring_small,
          layout_vaults_maze_bifur, serial_shops, nicolae_shop_trees
Depths:1: layout_gridlike, enter_ziggurat_f, old_standard_altar, hell_entry,
          drop_trap, minmay_misc_feat_pillars, kennysheep_kite_vault,
          serial_bayou_shore_b, minmay_shop_grove, grunt_megastairs_5,
          serial_bayou_shore_b
Depths:2: thingy_vault_2, layout_gridlike, grunt_pan_entry_in_and_out,
          minmay_crystal_water, hell_entry, serial_bayou, serial_bayou_lagoon_b,
          serial_bayou_shore_b, serial_bayou_pond_a, serial_bayou_lagoon_a,
          serial_bayou_pond_d, serial_bayou_pond_c
Depths:3: minmay_thinvault, layout_cave_shapes, serial_shops,
          nicolae_diamond_shop, nicolae_shop_gibbet_a_chance,
          nicolae_abyss_entry_one_way_or_another, grunt_pan_entry_spiral,
          nicolae_wu_jian_immortal_techniques, hell_entry,
          nicolae_ru_awakened_eye, minmay_staircase_statues_hall_small
Depths:4: grunt_x_marks_the_spot, layout_cross, hell_entry,
          nicolae_hepliaklqana_monster_ancestors, uniq_enchantress
Zot:1:    layout_cathedral_of_symmetry, hangedman_zot_decor_scrapings,
          grunt_megastairs_4
Zot:2:    layout_gridlike, regret_index_zotdec_banners
Zot:3:    kennysheep_ambush_hall, layout_gridville, regret_index_zotdec_zees,
          hellmonk_greenhouse_of_terror
Zot:4:    layout_gridlike, regret_index_zotdec_magical_s
Zot:5:    layout_gridlike, drop_trap, grunt_ministairs_4

Skill      XL: |  1  2  3  4  5  6  7  8  9 10 11 12 13 14 15 16 17 18 19 20 21 22 23 24 25 |
---------------+----------------------------------------------------------------------------+-----
Short Blades   | 2 3 4 5 6 8 10 11 | 11.6
Fighting       | 3 4 5 6 8 10 12 15 17 18 19 20 | 20.0
Stealth        | 4 5 6 10 12 | 12.0
Throwing       | 2 3 6 |  6.0
Summonings     | 1 |  1.0
Invocations    | 4 10 14 17 19 20 | 20.0
Dodging        | 3 6 10 12 13 15 17 18 19 20 | 20.0
Evocations     | 6 8 9 10 | 10.0
Spellcasting   | 5 6 8 10 12 | 12.0
Transmutations | 6 8 |  8.0
Long Blades    | 4 8 11 12 13 15 18 | 18.8
Conjurations   | 6 8 |  8.0
Necromancy     | 5 12 | 12.0
Earth Magic    | 5 6 |  6.0
Armour         | 9 10 | 10.0
Translocations | 5 6 |  6.0

Action                     |  1- 3 |  4- 6 |  7- 9 | 10-12 | 13-15 | 16-18 | 19-21 | 22-24 | 25-27 || total
---------------------------+-------+-------+-------+-------+-------+-------+-------+-------+-------++-------
  Melee: Dagger            |   104 |   193 |       |       |       |       |       |       |       ||   297
         Punch             |       |     4 |     1 |       |       |     1 |     6 |     2 |       ||    14
         Headbutt          |       |     8 |    69 |   119 |   330 |   358 |   250 |   276 |    32 ||  1442
         Rapier            |       |    22 |   295 |   480 |  1161 |   606 |     8 |       |       ||  2572
         Short sword       |       |       |    24 |     9 |    19 |   439 |   188 |    86 |     1 ||   766
         Scimitar          |       |       |       |       |    28 |     2 |       |       |       ||    30
         Great sword       |       |       |       |       |       |   151 |   624 |   746 |    88 ||  1609
  Throw: Dart              |    34 |    63 |    75 |    55 |    93 |    17 |     1 |       |       ||   338
         Stone             |       |     8 |     2 |       |       |       |       |       |       ||    10
         Javelin           |       |    16 |    10 |    12 |    20 |    70 |    17 |     5 |       ||   150
         Throwing net      |       |     1 |     2 |     1 |       |     1 |     1 |     1 |       ||     7
   Cast: Summon Small Mamm |       |    77 |     2 |       |       |       |       |       |       ||    79
         Apportation       |       |       |     9 |    13 |       |       |       |       |       ||    22
         Wereblood         |       |       |       |       |     9 |     4 |     6 |       |       ||    19
         Irradiate         |       |       |       |       |       |     3 |    44 |    25 |       ||    72
         Death Channel     |       |       |       |       |       |       |       |    23 |       ||    23
         Animate Dead      |       |       |       |       |       |       |       |    13 |       ||    13
         Borgnjor's Vile C |       |       |       |       |       |       |       |     9 |       ||     9
         Blink             |       |       |       |       |       |       |       |     1 |       ||     1
 Invoke: Line Pass         |       |       |     2 |     5 |     5 |     4 |       |     1 |       ||    17
         Grand Finale      |       |       |       |     2 |     6 |     4 |     6 |     5 |     2 ||    25
  Evoke: Wand              |       |       |       |    17 |    47 |    29 |    10 |     7 |       ||   110
         Lightning rod     |       |       |       |       |    13 |    23 |    19 |    18 |       ||    73
         Sack of spiders   |       |       |       |       |       |       |     4 |     2 |       ||     6
    Use: Scroll            |       |     9 |    13 |    15 |    14 |    14 |     6 |    12 |     1 ||    84
         Potion            |       |     4 |     3 |       |     3 |     7 |     4 |    13 |     3 ||    37
   Stab: Sleeping          |     5 |    11 |     7 |    11 |    52 |    35 |    70 |    22 |       ||   213
         Paralysed         |       |     1 |     7 |    29 |    98 |   100 |   137 |   109 |     2 ||   483
         Held in net/web   |       |       |     1 |       |       |     1 |       |     2 |       ||     4
         Confused          |       |       |       |     3 |     4 |       |     4 |       |       ||    11
         Distracted        |       |       |       |     1 |     7 |    12 |    22 |    34 |     5 ||    81
         Invisible         |       |       |       |       |       |       |       |     1 |     3 ||     4
 Armour: Robe              |    42 |   107 |   165 |   121 |       |   107 |   309 |    73 |       ||   924
         Ring mail         |       |       |       |   129 |   499 |    43 |       |       |       ||   671
         Swamp dragon scal |       |       |       |       |       |   522 |       |       |       ||   522
         Troll leather arm |       |       |       |       |       |       |       |   172 |    20 ||   192
         Skin              |       |       |       |       |       |       |       |    13 |       ||    13
  Dodge: Dodged            |    42 |   124 |   150 |   206 |   712 |   799 |   789 |   780 |    57 ||  3659
  Block: Buckler           |       |       |    40 |   116 |   309 |   245 |       |       |       ||   710
         Other             |       |       |       |       |       |       |       |    86 |    12 ||    98
         Reflection        |       |       |       |       |       |       |       |     3 |       ||     3

Table legend: (Time is in decaauts)
 A = Elapsed time spent in this place.
 B = Non-inter-level travel time spent in this place.
 C = Inter-level travel time spent in this place.
 D = Time resting spent in this place.
 E = Time spent auto-exploring this place.
 F = Levels seen in this place.
 G = Mean time per level.
                   A        B        C        D        E       F      G
               +--------+--------+--------+--------+--------+-----+--------+
         Total |  79600 |  69256 |  10344 |  10997 |  41541 |  52 | 1530.8 |
       Dungeon |  30032 |  25340 |   4692 |   6306 |  11681 |  15 | 2002.1 |
          Lair |   8325 |   6397 |   1928 |    330 |   4729 |   5 | 1665.0 |
         Swamp |   6220 |   5671 |    549 |    493 |   3934 |   4 | 1555.0 |
     Snake Pit |   4830 |   4148 |    682 |    117 |   3161 |   4 | 1207.5 |
    Slime Pits |   1122 |   1041 |     81 |    386 |    254 |   5 |  224.4 |
  Orcish Mines |   2909 |   2435 |    474 |    222 |   1545 |   2 | 1454.5 |
   Elven Halls |   4121 |   3711 |    410 |    204 |   2618 |   3 | 1373.7 |
        Vaults |   7655 |   7358 |    297 |    317 |   5802 |   4 | 1913.8 |
        Depths |   6577 |   5755 |    822 |    722 |   3955 |   4 | 1644.2 |
           Zot |   6272 |   5867 |    405 |    901 |   3861 |   5 | 1254.4 |
         Sewer |   1533 |   1533 |      0 |    996 |      0 |   1 | 1533.0 |
               +--------+--------+--------+--------+--------+-----+--------+

Top non-repeatable levels by time:
     D:4: 5439 daAuts
     D:9: 3263 daAuts
     D:6: 2637 daAuts
Vaults:1: 2373 daAuts
   Zot:5: 2221 daAuts
Depths:2: 2079 daAuts
Vaults:2: 2076 daAuts
Depths:1: 2034 daAuts
 Swamp:3: 2022 daAuts
     D:2: 1907 daAuts
     D:8: 1898 daAuts
  Lair:1: 1887 daAuts
   Orc:2: 1881 daAuts
Depths:3: 1873 daAuts
  Lair:2: 1813 daAuts
